 Dungeon Crawl Stone Soup version 0.19-a0-1886-gd64a0f0 (webtiles) character file.

1213 Amnesiac the Fighter (level 8, 0/92 HPs)
             Began as an Ogre Wizard on Oct 16, 2016.
             Was an Initiate of Gozag.
             Slain by a worker ant (2 damage)
             ... on level 5 of the Dungeon.
             The game lasted 00:08:54 (6167 turns).

Amnesiac the Fighter (Ogre Wizard)                  Turns: 6167, Time: 00:08:55

Health: 0/92       AC:  5    Str: 11    XL:     8   Next: 46%
Magic:  14/14      EV: 11    Int: 17    God:    Gozag
Gold:   1126       SH:  0    Dex: 10    Spells: 3 memorised, 7 levels left

rFire  . . .     SeeInvis +     e - +1 short sword (elec)
rCold  . . .     Gourm    .     a - +0 robe
rNeg   + . .     Faith    .     (no shield)
rPois  .         Spirit   .     b - +0 hat
rElec  .         Dismiss  .     (no cloak)
rCorr  .         Reflect  .     (gloves unavailable)
MR     .....     Harm     .     (boots unavailable)
Stlth  ++........               k - amulet of regeneration
                                C - ring of positive energy
                                g - ring of see invisible

@: lethally poisoned (0 -> -5), gold aura
A: unfitting armour, thin metallic scales 1, deformed body, deterioration 1,
shaggy fur 1, tough skin 1, weak 1
a: Potion Petition, Call Merchant, Bribe Branch, Renounce Religion


You were on level 5 of the Dungeon.
You worshipped Gozag.
Gozag was most pleased with you.
You were very hungry.

You visited 1 branch of the dungeon, and saw 6 of its levels.
You also visited: Sewer.

You collected 1149 gold pieces.
You paid 23 gold pieces to Gozag.

Inventory:

Hand Weapons
 e - a +1 short sword of electrocution (weapon)
 x - a +0 giant club
Armour
 a - a +0 robe (worn)
 b - a +0 hat (worn)
Jewellery
 g - a ring of see invisible (left hand)
 k - an amulet of regeneration (around neck)
 y - an uncursed amulet of guardian spirit
 C - a ring of positive energy (right hand)
Wands
 h - a wand of flame (15/48)
 s - a wand of digging (15/24)
 u - a wand of acid (8/15)
Scrolls
 j - 4 scrolls of remove curse
 l - 2 scrolls of enchant weapon
 n - 3 scrolls of teleportation
 r - 2 scrolls of enchant armour {unknown}
 w - 2 scrolls of blinking
Potions
 f - a potion of flight
 i - a potion of cure mutation {unknown}
 o - a potion of might
 q - a potion of invisibility
 t - 3 potions of curing
 v - 2 potions of resistance
Books
 c - a book of Minor Magic

   Spells                             Type                      Level
   a - Magic Dart                     Conjuration                  1
   b - Blink                          Translocation                2
   c - Call Imp                       Summoning                    2
   d - Repel Missiles                 Charms/Air                   2
   e - Slow                           Hexes                        2
   f - Conjure Flame                  Conjuration/Fire             3
   g - Mephitic Cloud                 Conjuration/Poison/Air       3
 p - a book of Cantrips

   Spells                             Type                      Level
   a - Confusing Touch                Hexes                        1
   b - Animate Skeleton               Necromancy                   1
   c - Summon Small Mammal            Summoning                    1
   d - Apportation                    Translocation                1
Comestibles
 d - 5 bread rations
 m - a meat ration
 z - 7 fruits


   Skills:
 - Level 9.4 Fighting
 + Level 4.8 Dodging
 - Level 1.4 Stealth
 - Level 4.0 Spellcasting
 - Level 1.0 Conjurations
 - Level 1.1 Summonings
   Level 0.6 Translocations
 - Level 1.0 Fire Magic
 - Level 1.1 Air Magic
 - Level 1.2 Poison Magic


You had 7 spell levels left.
You knew the following spells:

 Your Spells              Type           Power        Failure   Level  Hunger
d - Call Imp              Summ           #.......     17%         2    ##.....
e - Mephitic Cloud        Conj/Pois/Air  #.......     30%         3    ###....
s - Conjure Flame         Conj/Fire      #.......     30%         3    ###....


Dungeon Overview and Level Annotations

Branches:
Dungeon (6/15)
 Temple: D:4-7

Altars:
Ashenzari
Cheibriados
Fedhas
Gozag
Hepliaklqana
Makhleb
Nemelex Xobeh
Ru
Trog


Innate Abilities, Weirdness & Mutations

You are too large for most types of armour.
You have tough skin. (AC +1)
You are partially covered in thin metallic scales. (AC +2)
Armour fits poorly on your strangely shaped body.
Your body sometimes deteriorates upon taking damage.
You are covered in fur. (AC +1)
You are weak. (Str -2)


Message History

* * * LOW HITPOINT WARNING * * *
You are more poisoned.
The worker ant poisons you!
You hit the worker ant but do no damage.
The worker ant is severely wounded.
You feel sick. The worker ant bites you.
* * * LOW HITPOINT WARNING * * *
You are lethally poisoned!
The worker ant poisons you!
You closely miss the worker ant.
The worker ant is severely wounded.
* * * LOW HITPOINT WARNING * * *
You feel sick. The worker ant barely misses you.
The worker ant closely misses you.
You barely miss the worker ant.
The worker ant is severely wounded.
* * * LOW HITPOINT WARNING * * *
You feel sick. The worker ant bites you.
You die...
Your body crumbles into a pile of gold.

.+_'........# #.##.###..
.#+#...####.####### #.5.......
.......####.....[.#########.##...
...............##.##......#.###..
.......####.##.##.##.####.#.###..
(#.....####.##...[.)....#.#......
............#####.##.##.#.######.
########.##.#####$##....<...# #.
#.##.....@a##......#.# #.
#.#.......####.#...#.# #.
#.#.............#.##.####.
#.#.......####.#..##......
#.#.........##............
######.#.......#.##.#..##......
#...##.#.......#.##.......###..
#......#............#..##.##..#
###...#########.......#..##.##..#


You could see a worker ant.

Vanquished Creatures
  The ghost of anet the Magician, an amateur DEWz of Ashenzari (D:5)
  Sigmund (D:2)
  Menkaure (D:5)
  An ice beast (D:4)
  An ogre (D:5)
  A big kobold (Sewer)
  3 orc wizards
  2 orc priests
  Jessica (D:2)
  3 worker ants
  9 adders
  4 gnolls (D:4)
  A river rat (D:4)
  8 oozes
  An adder skeleton (D:2)
  10 worms
  3 dart slugs
  8 leopard geckos
  12 orcs
  A bat skeleton (D:2)
  A bat zombie (D:2)
  5 giant cockroaches
  8 goblins
  10 hobgoblins
  4 jackals
  A quokka (D:4)
  4 ball pythons
  10 bats
  7 frilled lizards
  2 giant cockroach zombies
  8 kobolds
  A leopard gecko skeleton (D:4)
  16 rats
149 creatures vanquished.

Vanquished Creatures (others)
  A bat (D:1)
1 creature vanquished.

Grand Total: 150 creatures vanquished

Notes
Turn   | Place    | Note
-------+----------+-------------------------------------------
     0 | D:1      | Amnesiac the Ogre Wizard began the quest for the Orb.
     0 | D:1      | Reached XP level 1. HP: 16/16 MP: 5/5
   190 | D:2      | Found an opulent altar of Gozag.
   213 | D:2      | Became a worshipper of Gozag Ym Sagoz the Greedy
   566 | D:1      | Reached XP level 2. HP: 11/24 MP: 7/7
   595 | D:1      | Reached skill level 1 in Conjurations
   623 | D:1      | Learned a level 2 spell: Call Imp
  1170 | D:1      | Reached skill level 1 in Summonings
  1217 | D:1      | You fall through a shaft!
  1293 | D:1      | Reached skill level 1 in Fighting
  1395 | D:1      | Reached XP level 3. HP: 31/33 MP: 8/8
  1415 | D:1      | Learned a level 3 spell: Mephitic Cloud
  1419 | D:1      | Learned a level 3 spell: Conjure Flame
  1926 | D:2      | Reached XP level 4. HP: 42/42 MP: 10/10
  1966 | D:2      | Noticed Jessica
  1994 | D:2      | Killed Jessica
  1994 | D:2      | Reached skill level 1 in Fire Magic
  1994 | D:2      | Reached skill level 1 in Air Magic
  2014 | D:2      | Reached skill level 1 in Poison Magic
  2091 | D:2      | Noticed Sigmund
  2112 | D:2      | Killed Sigmund
  2112 | D:2      | Reached skill level 5 in Fighting
  2112 | D:2      | Reached XP level 5. HP: 57/57 MP: 6/11
  2112 | D:2      | Reached XP level 6. HP: 66/66 MP: 6/12
  2683 | D:3      | Found a burning altar of Makhleb.
  2684 | D:3      | Found a sparkling altar of Nemelex Xobeh.
  2703 | D:3      | Found a snail-covered altar of Cheibriados.
  2815 | D:3      | Reached skill level 6 in Fighting
  3611 | D:4      | Noticed an ice beast
  3622 | D:4      | Killed an ice beast
  3622 | D:4      | Reached XP level 7. HP: 28/75 MP: 9/13
  3928 | D:4      | Found a glowing drain.
  3932 | Sewer    | Entered a sewer
  4324 | Sewer    | Reached skill level 7 in Fighting
  4521 | D:4      | Gained mutation: You are covered in fur. (AC +1) [potion of mutation]
  4521 | D:4      | Gained mutation: Armour fits poorly on your strangely shaped body. [potion of mutation]
  4521 | D:4      | Gained mutation: You are partially covered in thin metallic scales. (AC +2) [potion of mutation]
  4522 | D:4      | Gained mutation: Your body sometimes deteriorates upon taking damage. [potion of mutation]
  4522 | D:4      | Gained mutation: You are weak. (Str -2) [potion of mutation]
  4689 | D:4      | Reached skill level 8 in Fighting
  5161 | D:4      | Found a bloodstained altar of Trog.
  5191 | D:5      | Entered Level 5 of the Dungeon
  5273 | D:5      | Found a sacrificial altar of Ru.
  5524 | D:5      | Noticed anet's ghost (amateur DEWz)
  5538 | D:5      | Killed anet's ghost
  5538 | D:5      | Reached skill level 9 in Fighting
  5538 | D:5      | Reached XP level 8. HP: 58/92 MP: 14/14
  5560 | D:5      | Noticed Menkaure
  5570 | D:5      | Killed Menkaure
  5696 | D:5      | Found a shattered altar of Ashenzari.
  5941 | D:5      | Found a hazy altar of Hepliaklqana.
  5995 | D:5      | Found a blossoming altar of Fedhas.
  6166 | D:5      | HP: 4/92 [poisoned by a worker ant]
  6167 | D:5      | Slain by a worker ant

Vault maps used:
D:1:      eino_arrival_tree_alley
D:2:      nicolae_gozag_cash_rules_everything_around_me, serial_undead,
          serial_undead_b, serial_undead_d, serial_undead_c, serial_undead_e,
          nrook_mini_backslash, uniq_sigmund, uniq_jessica
D:3:      nicolae_overflow_hidden_temple, gammafunk_temple_overflow_statue
D:4:      lightli_temple_of_fire, gup_sewer_entry_spiral, first_bread,
          grunt_ministairs_6, minmay_tree_intersection
D:5:      marbit_many_paths, kennysheep_mini_moat,
          ashenzari_conservatory_becter, fedhas_altar_fruit_tree, serial_glass,
          glass_columns_a, glass_columns_a, uniq_menkaure
Sewer:    sewer_co_tree

Skill      XL: |  1  2  3  4  5  6  7  8 |
---------------+-------------------------+-----
Spellcasting   | 4 |  4.0
Conjurations   | 1 |  1.0
Summonings     | 1 |  1.1
Fighting       | 1 5 6 9 |  9.4
Fire Magic     | 1 |  1.0
Air Magic      | 1 |  1.1
Poison Magic   | 1 |  1.2
Dodging        | 3 4 |  4.8
Stealth        | |  1.4
Translocations | |  0.6

Action                   |  1- 3 |  4- 6 |  7- 9 || total
-------------------------+-------+-------+-------++-------
Melee: Short sword       |   117 |   215 |   259 ||   591
 Cast: Magic Dart        |    11 |     5 |       ||    16
       Mephitic Cloud    |       |     3 |     2 ||     5
       Call Imp          |       |     2 |     3 ||     5
  Use: Scroll            |       |       |    13 ||    13
       Potion            |       |       |     9 ||     9
 Stab: Sleeping          |     1 |     1 |     2 ||     4
       Distracted        |     1 |     1 |       ||     2
  Eat: Fruit             |     4 |       |       ||     4
       Bread ration      |       |     1 |       ||     1
       Meat ration       |       |       |     2 ||     2
Armor: Robe              |    49 |    63 |    54 ||   166
Dodge: Dodged            |    64 |   108 |   153 ||   325
